Map: Dash and Terminal LE (Void)

Players

wabbajack

  • Race: Zerg Zerg
  • League: Gold

Schlemmer - Winner!

  • Race: Terran Terran
  • League: Bronze

VOD

Have the link to the VOD?

Description

Time

  • Played on: July 20, 2015, 3:57 p.m.
  • Length: 15:23
Show
View Real Time Build Order
Export as new Build Order

wabbajack Zerg 

Build Orders: Hatch First 

Get SALT Encoding   

  12  0:01  Drone  
  13  0:14  Overlord  
  13  0:19  Drone  
  14  0:28  Extractor  
  14  0:29  Drone  
  15  0:37  Drone x2  
  17  0:57  Hatchery  
  17  1:03  Extractor  
  17  1:04  Drone x2  
  16  1:05  Extractor  
  16  1:10  Drone  
  17  1:20  Drone  
  18  1:28  Spawning Pool  
  17  1:35  Drone  
  18  1:40  Drone  
  19  2:00  Overlord  
  19  2:14  Queen  
  21  2:16  Queen  
  21  2:18  Metabolic Boost  
  23  2:25  Baneling Nest  
  22  2:31  Drone  
  22  2:32  Drone x2  
  22  2:35  Drone  
  26  2:55  Zergling x2  
  26  2:56  Zergling x4  
  26  2:57  Zergling x2  
  30  3:04  Queen  
  32  3:06  Overlord  
  32  3:08  Zergling x2  
  33  3:14  Drone x2  
  35  3:24  Pneumatized Carapace  
  35  3:33  Zergling x2  
  35  3:34  Zergling x6  
  38  3:49  Baneling  
  38  3:50  Baneling x4  
  38  3:51  Baneling  
  38  4:02  Drone x4  
  42  4:03  Drone  
  42  4:04  Overlord x2  
  43  4:14  Baneling x2  
  43  4:29  Hatchery  
  34  5:13  Evolution Chamber, Queen  
  35  5:15  Evolution Chamber  
  35  5:21  Drone x3, Roach Warren  
  37  5:28  Drone x5  
  39  5:29  Drone x2, Overlord x2  
  43  5:39  Zerg Melee Weapons Level 1  
  43  5:51  Zerg Ground Armor Level 1  
  43  6:07  Lair  
  43  6:08  Overlord  
  43  6:15  Drone x2  
  43  6:16  Drone x7  
  43  6:17  Drone x6  
  43  6:18  Drone  
  59  6:28  Drone  
  59  6:29  Drone x2, Extractor x2  
  59  6:30  Drone x2  
  59  6:31  Drone  
  63  6:32  Overlord  
  63  6:33  Overlord  
  63  6:52  Spore Crawler  
  62  6:54  Spine Crawler  
  62  6:57  Spore Crawler  
  62  6:59  Spine Crawler, Roach  
  62  7:00  Roach x6  
  73  7:10  Spire  
  73  7:13  Drone x3  
  75  7:16  Centrifical Hooks  
  75  7:18  Drone  
  75  7:19  Drone  
  75  7:22  Drone x3  
  80  7:24  Drone x2, Extractor  
  80  7:26  Drone x3, Extractor  
  80  7:27  Drone x3  
  86  7:36  Overlord x3  
  86  7:39  Zerg Missile Weapons Level 1  
  86  7:52  Zergling x18  
  95  8:02  Spire  
  95  8:13  Zerg Ground Armor Level 2  
  95  8:18  Baneling x2  
  95  8:19  Baneling x2  
  95  8:22  Corruptor x4  
  95  8:25  Corruptor  
  95  8:26  Overlord x2  
  105  8:28  Zergling x22  
  116  8:50  Overseer x2  
  116  9:04  Hatchery  
  116  9:06  Zerg Flyer Armor Level 1  
  116  9:08  Glial Reconstitution  
  115  9:10  Roach x4  
  115  9:11  Roach x4  
  115  9:12  Overlord x3, Roach x2  
  133  9:48  Extractor  
  133  9:51  Extractor  
  131  9:53  Hatchery  
  130  10:09  Infestation Pit, Zerg Melee Weapons Level 2  
  130  10:10  Spore Crawler  
  130  10:11  Overlord  
  128  10:16  Drone x3  
  128  10:17  Drone x3  
  134  10:27  Queen  
  136  10:28  Zerg Missile Weapons Level 2  
  136  10:39  Zergling x10  
  136  10:40  Zergling x16  
  136  10:41  Zergling x6  
  152  10:44  Mutalisk  
  152  10:45  Mutalisk x10  
  174  11:04  Overlord  
  174  11:05  Overlord  
  159  11:45  Zergling x2  
  159  11:46  Zergling x16  
  168  11:53  Hive  
  84  12:35  Corruptor  
  84  12:36  Corruptor x8  
  84  12:37  Corruptor x4  
  98  12:39  Zergling x28  
  98  12:40  Zergling x10  
  129  12:55  Drone x3  
  129  12:57  Drone x3, Extractor  
  134  13:01  Extractor  
  134  13:04  Baneling  
  134  13:05  Baneling x7  
  133  13:06  Baneling x7  
  133  13:07  Baneling  
  133  13:11  Adrenal Glands  
  133  13:19  Ultralisk Cavern  
  132  13:20  Queen  
  132  13:21  Queen  
  132  13:24  Drone x3  
  132  13:25  Drone x3  
  132  13:26  Drone x5  
  147  13:45  Overseer x2  
  141  14:32  Spore Crawler  
  136  14:40  Spine Crawler x2  
  136  14:41  Hatchery  
  136  14:43  Spore Crawler  
  108  14:53  Zergling x4  
  108  14:54  Zergling x36  
  106  15:14  Spawning Pool  
  106  15:17  Roach Warren  
Show
View Real Time Build Order
Export as new Build Order

Schlemmer Terran - Winner!

Build Orders: Bio Tank, MMM Bio 

Get SALT Encoding   

  12  0:01  SCV  
  13  0:17  Supply Depot  
  14  0:21  SCV  
  14  0:33  SCV  
  15  0:40  Barracks  
  15  0:45  SCV  
  16  0:51  Refinery  
  16  0:57  SCV  
  17  1:09  SCV  
  18  1:25  Command Center  
  18  1:28  Marine  
  19  1:38  Orbital Command  
  19  1:46  Supply Depot  
  19  1:49  Marine  
  20  2:07  Marine  
  21  2:08  SCV  
  22  2:19  Barracks  
  22  2:23  SCV  
  22  2:25  Marine  
  24  2:36  SCV  
  25  2:37  Factory  
  25  2:39  Orbital Command  
  25  2:42  Marine  
  26  2:48  SCV  
  27  2:58  Orbital Command  
  27  3:00  SCV, Marine  
  29  3:19  Barracks Reactor, Bunker  
  29  3:20  Barracks Tech Lab  
  29  3:25  Factory Tech Lab  
  29  3:26  Command Center  
  29  3:31  SCV x2  
  31  3:43  SCV x2  
  31  3:44  Stimpack, Marine  
  34  3:55  SCV  
  35  3:58  Supply Depot  
  35  4:00  SCV  
  35  4:01  Marine x2  
  35  4:02  Marine  
  38  4:07  SCV  
  38  4:09  Refinery  
  40  4:16  SCV  
  41  4:20  Siege Tank  
  41  4:23  Supply Depot  
  44  4:25  Marine x3  
  47  4:34  SCV x2  
  49  4:41  Orbital Command  
  49  4:45  Marine x3  
  51  4:46  SCV x2  
  38  5:07  SCV  
  38  5:08  SCV x2  
  41  5:14  Engineering Bay  
  41  5:19  SCV, Engineering Bay  
  41  5:20  SCV x2  
  44  5:22  Marine  
  45  5:29  Marine x2  
  45  5:31  SCV  
  45  5:32  SCV x2  
  50  5:38  Siege Tank  
  53  5:44  Terran Infantry Weapons Level 1, SCV x3  
  56  5:56  SCV x3  
  59  6:08  SCV x2, Missile Turret  
  61  6:20  SCV  
  61  6:24  Missile Turret, Marine x2  
  66  6:25  Marauder  
  66  6:26  Siege Tank  
  66  6:27  Missile Turret  
  66  6:31  Combat Shields  
  66  6:32  Orbital Command  
  69  6:39  Missile Turret, Barracks  
  69  6:46  Marine  
  70  6:48  Missile Turret x2  
  70  6:51  Missile Turret  
  70  6:57  Terran Infantry Armor Level 1  
  70  7:03  SCV x3  
  70  7:08  Missile Turret  
  73  7:14  Refinery  
  73  7:15  SCV x2, Refinery  
  74  7:16  SCV  
  76  7:25  Marine  
  76  7:28  Missile Turret  
  77  7:57  Armory  
  77  7:59  Barracks Reactor  
  77  8:02  Barracks  
  77  8:05  Starport  
  77  8:31  Supply Depot x2  
  77  8:33  Supply Depot x2  
  77  8:43  SCV, Starport Reactor, Marine x3  
  77  8:44  SCV x2, Siege Tank  
  86  8:49  Barracks Reactor, Terran Infantry Weapons Level 2  
  86  8:54  Terran Infantry Armor Level 2  
  86  8:55  Supply Depot  
  86  8:56  SCV x3  
  86  9:01  Marine  
  86  9:02  Marauder  
  92  9:03  Marine  
  92  9:08  SCV x3  
  96  9:19  Marine  
  96  9:20  SCV x3, Marine  
  96  9:22  Marine  
  102  9:28  Missile Turret  
  102  9:32  SCV x3  
  102  9:35  Marine x2  
  102  9:36  Siege Tank  
  102  9:37  Marine  
  111  9:38  Marine  
  111  9:42  Missile Turret  
  111  9:44  SCV x3  
  115  9:46  Missile Turret  
  115  9:47  Missile Turret  
  115  9:48  Missile Turret  
  115  9:51  Missile Turret  
  115  9:52  Marine  
  116  9:53  Marine x2  
  116  9:54  Marine, Medivac x2  
  116  9:56  SCV x3  
  126  10:00  Terran Vehicle Weapons Level 1  
  126  10:06  Starport  
  126  10:08  SCV x2, Marine  
  126  10:09  Missile Turret  
  126  10:10  Marine x2  
  126  10:11  Missile Turret  
  126  10:13  Missile Turret  
  131  10:22  Barracks  
  131  10:24  Medivac  
  131  10:25  Barracks  
  133  10:49  Starport Reactor  
  133  11:09  Marine x4  
  133  11:12  Marine  
  133  11:13  Medivac  
  133  11:27  Marine x2  
  133  11:31  Marine  
  131  11:34  Siege Tank  
  131  11:38  Marine x2  
  133  11:42  Barracks Reactor  
  133  11:43  Barracks Reactor  
  133  11:45  Marauder, Marine  
  133  11:57  Medivac x4  
  133  11:59  Supply Depot  
  139  12:01  Supply Depot  
  139  12:03  Supply Depot  
  100  12:21  Supply Depot  
  90  12:23  Marine x9  
  90  12:26  Siege Tank  
  102  12:32  Medivac x4  
  110  12:40  Marine  
  110  12:41  Marine x4  
  110  12:42  Marauder  
  110  12:44  Marine x3  
  120  12:58  Marine  
  120  12:59  Factory, Marine  
  120  13:02  Medivac  
  120  13:03  Command Center, Factory, Marauder  
  120  13:05  Marine  
  126  13:06  Marine x5  
  126  13:07  Medivac  
  126  13:08  Medivac x2  
  138  13:16  Marine  
  138  13:17  Marine  
  140  13:23  Marine  
  140  13:25  Marauder  
  143  13:28  Refinery  
  143  13:30  Refinery  
  143  13:32  Marine  
  143  13:33  Marine x4  
  148  13:34  Marine x2  
  148  13:41  Marine  
  150  13:46  Marauder  
  153  13:50  Marine  
  153  13:51  Marine x4  
  153  13:52  Marine x2  
  160  13:59  Marine  
  161  14:07  Marine  
  161  14:08  Marine x5  
  167  14:10  Marine x2  
  167  14:16  Marine  
  165  14:45  Marine, Marauder  
  164  14:46  Marine x7  
  164  14:48  Siege Tank  
  150  15:03  Marine  
  150  15:04  Marine x7  
  134  15:18  Factory Tech Lab  
  134  15:19  Factory Tech Lab  
Tags
 
Add a new tag
Caveats
  • Supply blocks, unpowered buildings, or Contaminate may cause inaccurate times.
  • Supply counts are checked every 10 seconds.